 Dungeon Crawl Stone Soup version 0.32-a0-900-g30fb1b0edc (webtiles) character file.

Game seed: 5663162043696975

107 bronco the Firebug (level 4, -1/33 HPs)
             Began as a Mountain Dwarf Fire Elementalist on Apr 5, 2024.
             Slain by an orc
             ... wielding a +0 whip
              (6 damage)
             ... on level 3 of the Dungeon.
             The game lasted 00:06:33 (2766 turns).

bronco the Firebug (MDFE)                           Turns: 2766, Time: 00:06:34

Health: -1/33      AC:  2    Str: 10    XL:     4   Next: 57%
Magic:  2/7        EV: 11    Int: 18    God:
Gold:   127        SH:  0    Dex: 10    Spells: 4/7 levels left

rFire   . . .        e - +0 dagger
rCold   . . .        (no shield)
rNeg    . . .        a - +0 robe
rPois   .            (no helmet)
rElec   .            (no cloak)
rCorr   .            (no gloves)
SInv    .            (no boots)
Will    .....        (no amulet)
Stlth   ++           (no ring)
HPRegen 0.25/turn    (no ring)
MPRegen 0.10/turn

%: no passive effects
@: no status effects
A: runic magic, artefact enchanting
a: no special abilities


You were on level 3 of the Dungeon.
You visited 1 branch of the dungeon, and saw 3 of its levels.

You collected 127 gold pieces.

Inventory:

Hand Weapons
 e - a +0 dagger (weapon)
Missiles
 h - 3 silver javelins
Armour
 a - a +0 robe (worn)
Scrolls
 c - a scroll of poison {unknown}
 d - 2 scrolls of identify {unknown}
 f - a scroll of revelation {unknown}
 g - 2 scrolls of brand weapon {unknown}
 i - a scroll of blinking {unknown}
Potions
 b - 2 potions of magic
 j - a potion of might {unknown}
 k - 2 potions of curing {unknown}


   Skills:
 - Level 0.2 Short Blades
 - Level 1.8 Dodging
 - Level 1.7 Stealth
 - Level 2.2 Spellcasting
 - Level 1.1 Conjurations
 + Level 5.4 Fire Magic


You had 4 spell levels left.
You knew the following spells:

 Your Spells              Type           Power      Damage    Failure   Level
a - Foxfire               Conj/Fire      52%        2x1d6     4%          1
b - Scorch                Fire           42%        2d6       2%          2

Your spell library contained the following spells:

 Spells                   Type           Power      Damage    Failure   Level
 Inner Flame              Hex/Fire       11%        N/A       17%         3
 Volatile Blastmotes      Fire/Tloc      22%        2d11      17%         3
 Dazzling Flash           Conj/Hex       8%         N/A       38%         3
 Mephitic Cloud           Conj/Alch/Air  3%         N/A       41%         3
 Flame Wave               Conj/Fire      13%        2d6       41%         4
 Leda's Liquefaction      Alch/Erth      1%         N/A       87%         4
 Petrify                  Alch/Erth      2%         N/A       87%         4
 Curse of Agony           Necr           2%         N/A       99%         5
 Metabolic Englaciation   Hex/Ice        1%         N/A       99%         5
 Silence                  Hex/Air        1%         N/A       99%         5


Dungeon Overview and Level Annotations

Branches:
Dungeon (3/15)

Altars:

Shops:
D:1 ?   D:2 !


Innate Abilities, Weirdness & Mutations

Your spellcasting is much less encumbered by armour.
You can use scrolls of enchantment on lesser artefacts.


Message History

You kill the orc!
Your foxfire dissipates!
An orc comes into view. It is wielding a +0 mace.
Casting: Foxfire (safe; 4% risk of failure)
Confirm with . or Enter, or press ? or * to list all spells.
You conjure some foxfire!
The orc shouts!
The foxfire hits the orc but does no damage.
The foxfire hits the orc.
The orc is lightly wounded.
You hit the orc.
The orc is moderately wounded.
The orc hits you with a +0 mace!
You hit the orc.
The orc is severely wounded.
The orc hits you but does no damage.
You completely miss the orc.
The orc is severely wounded.
An orc comes into view. It is wielding a +0 whip.
The orc barely misses you.
You hit the orc.
You kill the orc!
Found a stone staircase leading down.
An orc comes into view. It is wielding a +0 short sword.
The orc hits you with a +0 whip.
You barely miss the orc.
The orc shouts!
You hear a shout!
The orc hits you with a +0 whip.
An orc comes into view. It is wielding a +0 dagger.
You hit the orc.
The orc is lightly wounded.
The orc hits you with a +0 whip. The orc attacks as it pursues you!
The orc hits you with a +0 whip. The orc attacks as it pursues you!
The orc closely misses you. The orc attacks as it pursues you!
The orc hits you with a +0 whip. The orc attacks as it pursues you!
The orc hits you with a +0 whip.
* * * LOW HITPOINT WARNING * * *
There is an escape hatch in the ceiling, spattered with blood here.
The orc hits you with a +0 whip.
You die...

##### #######...#
####.........#
#.......##oo@#
#.##.##.###.#######
#....##o# #>..†...#
#####).####.#
#######.#
...?....o..^# #.#
>#####†##########
#.# #)##.......#
#.# ..##.......#
#.# ##.##.......#
###.#


You could see 2 orcs.

Vanquished Creatures
  A hound (D:3)
  2 ribbon worms (D:3)
  3 dart slugs
  2 orcs (D:3)
  3 ball pythons
  9 endoplasms
  4 giant cockroaches
  3 goblins
  7 hobgoblins
  3 jackals (D:3)
  3 kobolds
  3 quokkas
  4 bats
  2 frilled lizards (D:1)
  7 rats
56 creatures vanquished.

Vanquished Creatures (others)
  148 foxfires
148 creatures vanquished.

Grand Total: 204 creatures vanquished

Notes
Turn   | Place    | Note
-------+----------+-------------------------------------------
     0 | D:1      | bronco the Mountain Dwarf Fire Elementalist began the quest
                  | for the Orb.
     0 | D:1      | Reached XP level 1. HP: 14/14 MP: 3/3
   358 | D:1      | Reached XP level 2. HP: 20/20 MP: 1/4
   363 | D:1      | Found a faded altar of an unknown god.
   472 | D:1      | Reached skill level 4 in Fire Magic
   737 | D:1      | Reached skill level 1 in Conjurations
   937 | D:1      | Reached XP level 3. HP: 24/26 MP: 3/6
  1290 | D:1      | Found Lapruot's Magic Scroll Shop.
  1451 | D:2      | Found Xomuses's Distillery.
  2541 | D:3      | Reached skill level 5 in Fire Magic
  2541 | D:3      | Reached XP level 4. HP: 21/33 MP: 1/7
  2614 | D:3      | Learned a level 2 spell: Scorch
  2766 | D:3      | Slain by an orc

Illustrated notes

Levels and vault maps discovered:
D:1:      ncdulo_lavacross, layout_basic,
          hellmonk_ecumenical_altar_pennies_from_heaven, serial_shops,
          nicolae_shop_rolled_up
D:2:      layout_loops_ring, serial_shops, nicolae_shop_tiny_real_fake_doors,
          hangedman_feature_mirror, minmay_misc_feat_doors, minmay_pentomino_u4
D:3:      layout_loops_cross

Skill      XL: |  1  2  3 |
---------------+----------+-----
Fire Magic     | 4 5 |  5.4
Spellcasting   | 2 |  2.2
Conjurations   | 1 |  1.1
Short Blades   | |  0.2
Dodging        | |  1.8
Stealth        | |  1.7

Action                     |  1- 3 |  4- 6 || total
---------------------------+-------+-------++-------
  Melee: Dagger            |    37 |     6 ||    43
   Cast: Foxfire           |    84 |    13 ||    97
   Stab: Sleeping          |     3 |       ||     3
 Armour: Robe              |    27 |     9 ||    36
  Dodge: Dodged            |    27 |     2 ||    29

Table legend: (Time is in decaauts)
 A = Elapsed time spent in this place.
 B = Non-inter-level travel time spent in this place.
 C = Inter-level travel time spent in this place.
 D = Time resting spent in this place.
 E = Time spent auto-exploring this place.
 F = Levels seen in this place.
 G = Mean time per level.
                   A        B        C        D        E       F      G
               +--------+--------+--------+--------+--------+-----+--------+
         Total |   2766 |   2718 |     48 |     33 |   2309 |   3 |  922.0 |
       Dungeon |   2766 |   2718 |     48 |     33 |   2309 |   3 |  922.0 |
               +--------+--------+--------+--------+--------+-----+--------+

Top non-repeatable levels by time:
     D:1: 1373 daAuts
     D:2: 920 daAuts
     D:3: 472 daAuts
